 Dungeon Crawl Stone Soup version 0.20.1-1-g8b1a95d (webtiles) character file.

107 vatarom the Firebug (level 4, -3/29 HPs)
             Began as a Demonspawn Fire Elementalist on Oct 10, 2017.
             Slain by Ijyb
             ... wielding a +0 club
              (5 damage)
             ... on level 3 of the Dungeon.
             The game lasted 00:08:04 (2352 turns).

vatarom the Firebug (Demonspawn Fire Elementalist)  Turns: 2352, Time: 00:08:05

Health: -3/29      AC:  1    Str:  8    XL:     4   Next: 57%
Magic:  2/7        EV: 11    Int: 17    God:
Gold:   94         SH:  5    Dex: 14    Spells: 2/8 levels left

rFire    . . .     SeeInvis .   m - +2 whip (elec)
rCold    . . .     Gourm    .   i - +2 buckler
rNeg     . . .     Faith    .   a - +0 robe
rPois    .         Spirit   .   (helmet restricted)
rElec    .         Reflect  .   (no cloak)
rCorr    .         Harm     .   (no gloves)
MR       .....     Rnd*Tele +   (no boots)
Stlth    ++........             (no amulet)
Regen    0.1/turn               (no ring)
MPRegen  0.1/turn               (no ring)

@: no status effects
A: antennae 1, deformed body, frail 1, spiny 1, teleportitis 1
a: no special abilities


You were on level 3 of the Dungeon.
You were not hungry.

You visited 1 branch of the dungeon, and saw 3 of its levels.

You collected 94 gold pieces.

Inventory:

Hand Weapons
 m - a +2 whip of electrocution (weapon)
Missiles
 f - 7 javelins (quivered)
Armour
 a - a +0 robe (worn)
 i - a +2 buckler (worn)
Scrolls
 e - a scroll of enchant armour {unknown}
 g - a scroll of teleportation
 l - 2 scrolls of identify
Books
 b - a book of Flames

   Spells                             Type                      Level
   a - Flame Tongue                   Conjuration/Fire             1
   b - Throw Flame                    Conjuration/Fire             2
   c - Conjure Flame                  Conjuration/Fire             3
   d - Inner Flame                    Hexes/Fire                   3
   e - Sticky Flame                   Conjuration/Fire             4
   f - Fireball                       Conjuration/Fire             5
Comestibles
 c - 3 bread rations
 d - 2 chunks of flesh
 h - a meat ration
 n - a royal jelly


   Skills:
 + Level 1.7 Fighting
 - Level 1.7 Dodging
 - Level 1.7 Stealth
 * Level 0.0 Shields
 + Level 2.6 Spellcasting
 * Level 2.8 Conjurations
 + Level 3.2 Fire Magic


You had 2 spell levels left.
You knew the following spells:

 Your Spells              Type           Power        Failure   Level  Hunger
a - Flame Tongue          Conj/Fire      ##...        9%          1    #......
b - Throw Flame           Conj/Fire      ##....       13%         2    ##.....
c - Conjure Flame         Conj/Fire      ##......     26%         3    ###....


Dungeon Overview and Level Annotations

Branches:
Dungeon (3/15)

Altars:
Qazlal

Annotations:
D:3 Ijyb


Innate Abilities, Weirdness & Mutations

You are partially covered in sharp spines.
You have a pair of small antennae on your head.
Armour fits poorly on your strangely shaped body.
You are frail. (-10% HP)
You are occasionally teleported next to monsters.


Message History

* * * LOW HITPOINT WARNING * * *
It was a potion of mutation.
You feel extremely strange.
Your body twists and deforms.
You feel frail.
You feel weirdly uncertain. A pair of antennae grows on your head!
Ijyb misses you.
Sorry, you're not good enough to have a special ability.
You completely miss Ijyb.
Ijyb is severely wounded.
Ijyb hits you with a club.
* * * LOW HITPOINT WARNING * * *
Unknown command.
Casting: Flame Tongue
Confirm with . or Enter, or press ? or * to list all spells.
Aiming: Flame Tongue
Press: ? - help, Shift-Dir - straight line, f/p - Ijyb
Aim: Ijyb, wielding a club, wearing a scale mail and carrying a wand of acid (?/15) {zapped: 2} (severely wounded, unusually strong)
The flame tongue hits Ijyb.
Ijyb appears unharmed.
Ijyb is severely wounded.
Ijyb hits you with a club.
You die...

#.# #.#
#.# #.#
#.# #.#
#.# #.#
#.# #.#
#.# #.#
#.# #.#
#.# #.#
# #@#
#.# #
#g# #.#
#####
#.# #.#
##§§.≈
#.# #.#
#^^≈≈.
#.# #.#
#^^##.
#.#
#.###
#≈#.≈^
#.#
#...#
##..^^.
#.#
###.#
#.§....
#.#
#...^^.


You could see Ijyb.

Vanquished Creatures
  4 gnolls (D:2)
  An adder (D:2)
  2 oozes
  2 worms (D:2)
  A dart slug (D:1)
  A leopard gecko (D:2)
  11 bats
  3 giant cockroaches
  5 goblins
  3 hobgoblins
  A jackal (D:1)
  A quokka (D:2)
  6 frilled lizards
  2 kobolds
  5 rats
48 creatures vanquished.

Notes
Turn   | Place    | Note
-------+----------+-------------------------------------------
     0 | D:1      | vatarom the Demonspawn Fire Elementalist began the quest for the Orb.
     0 | D:1      | Reached XP level 1. HP: 13/13 MP: 3/3
   153 | D:1      | Gained mutation: You are partially covered in sharp spines. [demonic ancestry]
   153 | D:1      | Reached XP level 2. HP: 20/20 MP: 1/5
   393 | D:1      | Reached skill level 1 in Fighting
   394 | D:1      | Reached skill level 3 in Fire Magic
   577 | D:1      | Learned a level 2 spell: Throw Flame
   819 | D:2      | Reached XP level 3. HP: 26/26 MP: 4/6
   869 | D:2      | Learned a level 3 spell: Conjure Flame
  1508 | D:2      | Reached XP level 4. HP: 32/32 MP: 2/7
  2262 | D:3      | Found a stormy altar of Qazlal.
  2339 | D:3      | Noticed Ijyb
  2350 | D:3      | Gained mutation: Armour fits poorly on your strangely shaped body. [potion of mutation]
  2350 | D:3      | Gained mutation: You are frail. (-10% HP) [potion of mutation]
  2350 | D:3      | Gained mutation: You are occasionally teleported next to monsters. [potion of mutation]
  2350 | D:3      | Gained mutation: You have a pair of small antennae on your head. [potion of mutation]
  2352 | D:3      | Slain by Ijyb

Skill      XL: |  1  2  3 |
---------------+----------+-----
Fighting       | 1 |  1.7
Fire Magic     | 3 |  3.2
Conjurations   | 2 |  2.8
Dodging        | |  1.7
Stealth        | |  1.7
Spellcasting   | |  2.6

Action                   |  1- 3 |  4- 6 || total
-------------------------+-------+-------++-------
Melee: Unarmed           |     3 |       ||     3
       Whip              |     6 |     1 ||     7
 Cast: Flame Tongue      |    57 |    28 ||    85
       Conjure Flame     |     1 |       ||     1
  Use: Scroll            |     5 |     3 ||     8
       Potion            |       |     1 ||     1
  Eat: Chunk             |     3 |     2 ||     5
Armor: Robe              |     8 |       ||     8
Dodge: Dodged            |    16 |    10 ||    26
